 Dungeon Crawl Stone Soup version 0.30-a0-859-gf88a04b62d (webtiles) character file.

Game seed: 3310789488557463543

1456337 MacCMillion the Intangible (level 26, 156/156 HPs)
             Began as a Spriggan Hunter on Mar 6, 2023.
             Was a High Priest of Okawaru.
             Escaped with the Orb
             ... and 3 runes on Mar 7, 2023!
             The game lasted 04:17:08 (93058 turns).

MacCMillion the Intangible (Spriggan Hunter)       Turns: 93058, Time: 04:17:08

Health: 156/156    AC:  8    Str: 13    XL:     26   Next: 23%
Magic:  41/41      EV: 58    Int:  9    God:    Okawaru [*****.]
Gold:   7169       SH:  5    Dex: 32    Spells: 17/49 levels left

rFire   + + .      SeeInvis +    a - +9 arbalest (heavy)
rCold   + + +      Faith    .    (shield currently unavailable)
rNeg    + . .      Spirit   .    G - +4 skin of Zhor {*Englaciate rC+++ SInv}
rPois   .          Reflect  +    g - +2 hood of the Assassin {Detect Stab+ Stlth++}
rElec   .          Rampage  .    O - scarf {rC+ rF+}
rCorr   .                        (gloves unavailable)
Will    ++++.                    (boots unavailable)
Stlth   +++++                    R - amulet "Zoefepp" {Reflect rN+ Regen+ Int-4 SH+5 Stlth+}
HPRegen 1.26/turn                C - ring "Haoqus" {MP+9 Str+2 Dex+6}
MPRegen 0.27/turn                r - ring of Shadows {Umbra +Inv Stlth+}

@: wreathed by umbra, very quick
A: very small, no large weapons, unfitting armour, see invisible, speed 3,
deterioration 1, fire resistance 1, low MP 2, strong 1, wild magic 1, MP-powered
wands
0: Orb of Zot
}: 3/15 runes: barnacled, silver, gossamer
a: Renounce Religion, Evoke Invisibility, Heroism, Finesse, Duel


You escaped.
You worshipped Okawaru.
Okawaru was extremely pleased with you.
You visited 10 branches of the dungeon, and saw 48 of its levels.
You visited 1 bazaar.
You also visited: Ossuary, Gauntlet, Ice Cave, Volcano and Wizlab.

You collected 8942 gold pieces.
You spent 1773 gold pieces at shops.

Inventory:

Hand Weapons
 a - a +9 heavy arbalest (weapon)
 B - a +1 arbalest of freezing
Armour
 g - the +2 hood of the Assassin (worn) {Detect Stab+ Stlth++}
   (You found it on level 2 of the Depths)

   Detect:    It allows the wearer to sense nearby creatures.
   Stab+:     It allows the wearer to make particularly effective stabbing
   attacks against helpless or unaware enemies with any weapon.
   Stlth:     It makes you much more stealthy.
 q - the +1 cloak "Kiywko" {Harm rElec rPois}
   (Okawaru gifted it to you on level 4 of the Lair of Beasts)

   rElec:     It insulates you from electricity.
   rPois:     It protects you from poison.
   Harm:      It increases damage dealt and taken.
 G - the +4 skin of Zhor (worn) {*Englaciate rC+++ SInv}
   (Okawaru gifted it to you on level 13 of the Dungeon)

   *Englaciate: It radiates cold, occasionally slowing all nearby creatures who
   are not resistant to cold.
   rC:        It renders you almost immune to cold.
   SInv:      It lets you see invisible.
 O - a scarf of resistance (worn)
Jewellery
 c - the ring of Muqiall {rElec AC+4}
   (You found it on level 1 of the Shoals)

   [ring of protection]

   AC:        It affects your AC (+4).
   rElec:     It insulates you from electricity.
 r - the ring of Shadows (right hand) {Umbra +Inv Stlth+}
   (You found it on level 2 of the Depths)

   [ring of stealth]

   Umbra:     It surrounds you with an aura of shadow, increasing your stealth
   and reducing the accuracy of all others within it.
   +Inv:      It lets you turn invisible.
   Stlth:     It makes you more stealthy.
 y - the ring of Pousk {rC+ Dex+6}
   (You bought it in a shop in a bazaar)

   [ring of dexterity]

   Dex:       It affects your dexterity (+6).
   rC:        It protects you from cold.
 C - the ring "Haoqus" (left hand) {MP+9 Str+2 Dex+6}
   (You took it off a deep elf high priest on level 3 of the Elven Halls)

   [ring of magical power]

   Str:       It affects your strength (+2).
   Dex:       It affects your dexterity (+6).
   MP:        It affects your magic capacity (+9).
 D - a ring of protection from fire
 Q - the ring "Tatih" {Fly rN+ Str+2}
   (You took it off an ironbound preserver on level 5 of the Vaults)

   [ring of flight]

   Str:       It affects your strength (+2).
   rN:        It protects you from negative energy.
   Fly:       It grants you flight.
 R - the amulet "Zoefepp" (around neck) {Reflect rN+ Regen+ Int-4 SH+5 Stlth+}
   (You found it in an ice cave)

   [amulet of reflection]

   It reflects blocked missile attacks.
   Int:       It affects your intelligence (-4).
   rN:        It protects you from negative energy.
   Regen:     It increases your rate of health regeneration.
   SH:        It affects your SH (+5).
   Stlth:     It makes you more stealthy.
 V - the ring "Docoupix" {Will+ Int+6 SInv}
   (You took it off a minotaur in a Gauntlet)

   [ring of intelligence]

   Int:       It affects your intelligence (+6).
   SInv:      It lets you see invisible.
   Will:      It increases your willpower.
 Z - a ring of poison resistance
Wands
 E - a wand of digging (17)
 F - a wand of flame (80)
 I - a wand of mindburst (30)
 J - a wand of roots (6)
 T - a wand of paralysis (56)
 X - a wand of quicksilver (13)
Scrolls
 b - 6 scrolls of immolation
 j - 6 scrolls of enchant armour
 k - 14 scrolls of vulnerability
 o - 4 scrolls of poison
 p - 11 scrolls of teleportation
 t - 8 scrolls of brand weapon
 v - 6 scrolls of magic mapping
 w - 8 scrolls of fear
 z - 3 scrolls of fog
 K - 2 scrolls of torment
 M - 4 scrolls of silence
Potions
 d - 3 potions of invisibility
 e - 5 potions of mutation
 f - 9 potions of brilliance
 h - 14 potions of heal wounds
 i - 3 potions of haste
 l - 24 potions of curing
 m - 5 potions of ambrosia
 u - 9 potions of might
 x - 2 potions of berserk rage
 A - 5 potions of attraction
 H - 3 potions of magic
 L - 12 potions of lignification
 N - 5 potions of resistance
 U - a potion of flight
 W - 6 potions of cancellation
Miscellaneous
 n - a tin of tremorstones (2/2)
 P - a lightning rod (4/4)
 S - a condenser vane
 Y - a phial of floods


   Skills:
 + Level 21.7 Fighting
 + Level 21.5 Ranged Weapons
 O Level 27 Dodging
 - Level 12.0 Stealth
 - Level 12.0 Spellcasting
 - Level 22.0 Hexes
 - Level 22.0 Translocations
 - Level 5.0 Transmutations
 - Level 3.0 Air Magic
 - Level 7.7 Invocations
 - Level 5.0 Evocations


You had 17 spell levels left.
You knew the following spells:

 Your Spells              Type           Power      Damage    Failure   Level
a - Dispersal             Tloc           27%        N/A       1%          6
b - Teleport Other        Tloc           55%        N/A       1%          3
c - Enfeeble              Hex            27%        N/A       2%          7
d - Passage of Golubria   Tloc           55%        N/A       1%          4
e - Silence               Hex/Air        18%        N/A       3%          5
f - Yara's Violent Unrav  Hex/Tmut       19%        3d9       2%          5
g - Wereblood             Tmut           18%        N/A       4%          2

Your spell library contained the following spells:

 Spells                   Type           Power      Damage    Failure   Level
 Slow                     Hex            100%       N/A       1%          1
 Blink                    Tloc           100%       N/A       1%          2
 Lesser Beckoning         Tloc           100%       N/A       1%          2
 Momentum Strike          Conj/Tloc      64%        3d9       1%          2
 Dazzling Flash           Conj/Hex       64%        N/A       1%          3
 Gell's Gravitas          Tloc           55%        N/A       1%          3
 Vhi's Electric Charge    Tloc/Air       72%        N/A       1%          3
 Kindle Blastsparks       Fire/Tloc/Air  52%        2d14      2%          3
 Anguish                  Hex/Necr       16%        N/A       2%          4
 Fulminant Prism          Conj/Hex       16%        3d10      2%          4
 Iskenderun's Mystic Bla  Conj/Tloc      32%        2d8       2%          4
 Leda's Liquefaction      Hex/Erth       16%        N/A       2%          4
 Beastly Appendage        Tmut           36%        N/A       3%          1
 Sting                    Tmut/Pois      48%        1d5       7%          1
 Poisonous Vapours        Pois/Air       20%        N/A       14%         2
 Static Discharge         Conj/Air       20%        2-3/arc   14%         2
 Discord                  Hex            27%        N/A       14%         8
 Foxfire                  Conj/Fire      28%        2x1d5     17%         1
 Kiss of Death            Conj/Necr      28%        2d7       17%         1
 Magic Dart               Conj           28%        1d4       17%         1
 Necrotise                Necr           28%        1d5       17%         1
 Spider Form              Tmut/Pois      12%        N/A       19%         3
 Scorch                   Fire           14%        2d5       26%         2
 Searing Ray              Conj           14%        2d5       26%         2
 Sublimation of Blood     Necr           7%         N/A       26%         2
 Ignite Poison            Fire/Tmut/Pois 10%        N/A       26%         3
 Frozen Ramparts          Ice            14%        1d3       43%         3
 Hailstorm                Conj/Ice       7%         3d4       43%         3
 Ozocubu's Armour         Ice            7%         N/A       43%         3
 Stone Arrow              Conj/Erth      14%        3d7       43%         3
 Vampiric Draining        Necr           7%         2d6       43%         3
 Ice Form                 Ice/Tmut       12%        N/A       47%         4
 Blade Hands              Tmut           9%         N/A       47%         5
 Flame Wave               Conj/Fire      7%         2d5       82%         4
 Olgreb's Toxic Radiance  Pois           7%         N/A       82%         4
 Sticky Flame             Conj/Fire      7%         2d3       82%         4
 Alistair's Intoxication  Tmut/Pois      8%         N/A       82%         5
 Irradiate                Conj/Tmut      6%         3d13      82%         5
 Arcjolt                  Conj/Air       5%         1d15      91%         5
 Lightning Bolt           Conj/Air       5%         1d17      91%         5
 Agony                    Necr           7%         N/A       98%         5
 Lee's Rapid Deconstruct  Erth           3%         3d5*      98%         5
 Eringya's Noxious Bog    Tmut/Pois      6%         N/A       100%        6
 Starburst                Conj/Fire      3%         6d3       100%        6
 Statue Form              Tmut/Erth      8%         N/A       100%        6
 Dragon Form              Tmut           9%         N/A       100%        7
 Orb of Destruction       Conj           3%         9d5       100%        7
 Ozocubu's Refrigeration  Ice            3%         4d8       100%        7
 Storm Form               Tmut/Air       8%         N/A       100%        7
 Ignition                 Fire           3%         3d4       100%        8
 Lehudib's Crystal Spear  Conj/Erth      3%         10d3      100%        8
 Maxwell's Capacitive Co  Air            7%         ∞         100%        8
 Summon Forest            Summ/Tloc      Unusable   N/A       N/A         5
 Summon Lightning Spire   Summ/Air       Unusable   N/A       N/A         4
 Animate Armour           Summ/Erth      Unusable   N/A       N/A         4
 Summon Ice Beast         Ice/Summ       Unusable   N/A       N/A         4
 Simulacrum               Ice/Necr       Unusable   N/A       N/A         6
 Summon Cactus Giant      Summ           Unusable   N/A       N/A         6
 Summon Hydra             Summ           Unusable   N/A       N/A         7

Dungeon Overview and Level Annotations

Branches:
Dungeon (15/15)            Temple (1/1) D:6            Lair (5/5) D:11
 Shoals (4/4) Lair:2       Spider (4/4) Lair:2        Slime (0/5) Lair:4
    Orc (2/2) D:11            Elf (3/3) Orc:2        Vaults (5/5) D:14
  Crypt (0/3) Vaults:3     Depths (4/4) D:15            Zot (5/5) Depths:4
Ossuary (visited)           IceCv (visited)         Volcano (visited)
 WizLab (visited)         Gauntlet (visited)

Altars:
Ashenzari
Cheibriados
Dithmenos
Elyvilon
Fedhas
Gozag
Hepliaklqana
Kikubaaqudgha
Makhleb
Nemelex Xobeh
Okawaru
Qazlal
Ru
Sif Muna
Trog
Uskayaw
Vehumet
Wu Jian
Xom
Yredelemnul
Zin
The Shining One
Lugonu

Shops:
D:2 ?   D:6 *([   D:14 (   D:15 *   Orc:1 [   Orc:2 (*?*   Elf:2 =:=
Shoals:1 *   Vaults:3 *

Portals:
Hell: Depths:1 Depths:2 Depths:3 Depths:4
Abyss: Depths:2 Depths:3
Pandemonium: Depths:2
Ziggurat: Depths:4
Trove: D:14 (give +3 gold dragon scales)

Annotations:
D:2 Sigmund
D:8 Maggie
Lair:1 1 runed translucent door, Xafrigaq's ghost, journeyman GnRe
Lair:2 2 exclusions
Spider:2 1 runed translucent door, Slimysquid's ghost, journeyman DrTm
Elf:2 3 runed translucent doors
Vaults:4 2 transporters
Depths:2 3 runed translucent doors, Ysutrusk's ghost, adept DrSu
Zot:3 2 transporters, exclusion: orange crystal statue


Innate Abilities, Weirdness & Mutations

You are very small and have problems with some larger weapons.
You are too small for most types of armour.
You have supernaturally acute eyesight. (SInv)
You cover ground extremely quickly. (Speed+++)
Your body sometimes deteriorates upon taking damage.
Your flesh is heat resistant. (rF+)
Your magical capacity is very low. (-20% MP)
Your muscles are strong. (Str +4, Int/Dex -1)
Your spells are a little harder to cast, but a little more powerful.
You expend magic power (3 MP) to strengthen your wands.


Message History

You climb upwards.
Level annotation: Maggie
There is a stone staircase leading down here.
You see here 5 stones.
There is a stone staircase leading up here.
You climb upwards.
There is a stone staircase leading down here.
Things that are here:
a +0 robe; a +1 dagger of freezing
There is a stone staircase leading up here.
You climb upwards.
There is a stone staircase leading down here.
There is a stone staircase leading up here.
You climb upwards.
There is a stone staircase leading down here.
There is an open door here.
There is a stone staircase leading up here.
You climb upwards.
There is a stone staircase leading down here.
You see here a +0 sling.
An orange demon comes into view.
There is a stone staircase leading up here.
You climb upwards.
There is a stone staircase leading down here.
There is a stone staircase leading up here.
You climb upwards.
Level annotation: Sigmund
There is a stone staircase leading down here.
(D) Dungeon (T) Temple (L) Lair (A) Shoals (N) Spider Nest (M) Slime Pits (O) Orcish Mines (E) Elven Halls (V) Vaults (C) Crypt (U) Depths (H) Hell (Z) Zot
Where to? (Enter - D:3 @ (x,y), ? - help)
What level of the Dungeon? (default 1, ? - help)
There is a stone staircase leading up here.
You climb upwards.
There is a stone staircase leading down here.
You enter the shallow water.
Moving in this stuff is going to be slow.
You enter the shallow water.
Moving in this stuff is going to be slow.
There is a staircase leading out of the dungeon here.
You have escaped!

######### #####.......##########
......####.8.~~~~~~~~############
...#### ##.~~~.....~~##........#
##.# #.~~..~~~..~##.######.# #.#
###.~..~~~~~..##.# #.# #.#
###.+.~.~~...~~.##.# #.# #.#
#...+.~..~@~..~.+..## #.#
#.####.###.~~...~~.~[+...# #.#
##........#..~~~~~..~.#...# #.#
#.........#~..~~~..~~.###.# #.#
#.#####.###~~.....~~~.###.#####.#
#.#####.####~~~~~~~~.8..........#
#)##.......##########..##.#######
#.##.##........#.####.(##.#
#.##.##..###.#....#.#..##.#


There were no monsters in sight!

Vanquished Creatures
  A dread lich (Zot:5)
  5 orbs of fire
  2 ancient liches (Zot:5)
  Mara (Vaults:4)
  Mennas (Depths:3)
  A juggernaut (Zot:1)
  Sojobo (Vaults:4)
  Vv (Depths:4)
  13 Killer Klowns
  Saint Roka (Depths:2)
  Bai Suzhen (Depths:2)
  4 curse toes
  the Enchantress (Depths:3)
  8 golden dragons
  A bone dragon (Depths:4)
  A Tzitzimitl (Depths:2)
  Jorgrun (Elf:1)
  3 doom hounds
  4 electric golems
  Mlioglotl (Shoals:3)
  24 Orb Guardians
  A walking frostbound tome (Depths:3)
  18 tentacled monstrosities
  Rupert (D:11)
  Asterion (Elf:2)
  Grunn (Depths:4)
  10 quicksilver dragons
  2 liches
  2 deep elf master archers (Elf:3)
  3 deep elf blademasters (Elf:3)
  5 titans (Vaults:5)
  Polyphemus (Shoals:3)
  An Executioner (Zot:5)
  A kraken (Shoals:2)
  11 storm dragons
  3 sphinxes (Vaults:4)
  6 death cobs
  Kirke (Lair:2)
  6 tengu reavers
  7 draconian monks
  15 shadow dragons
  5 draconian knights
  An azure jelly (IceCv)
  Roxanne (Shoals:3)
  Ilsuiw (Shoals:2)
  9 fire giants
  6 deep elf sorcerers
  21 vault wardens
  7 emperor scorpions (Spider:4)
  5 draconian scorchers
  4 frost giants
  4 spectral caustic shrikes (Depths:4)
  Louise (Shoals:3)
  5 draconian shifters
  2 ghost moths
  A caustic shrike zombie (Depths:2)
  3 draconian stormcallers
  2 iron dragons
  A quicksilver ooze (IceCv)
  17 ironbound preservers
  3 orc warlords
  4 deep elf elementalists
  16 stone giants
  12 very ugly things
  A broodmother (Spider:2)
  6 war gargoyles
  4 spriggan defenders
  4 draconian annihilators
  9 ironbound thunderhulks
  5 deep elf demonologists (Elf:3)
  8 vampire knights
  A minotaur (Gauntlet)
  6 black draconians
  6 green draconians
  9 dire elephants
  6 purple draconians
  6 white draconians
  14 yellow draconians
  12 deep elf annihilators
  13 spark wasps
  11 red draconians
  11 ettins
  Snorg (Lair:4)
  5 deep elf death magi
  An eidolon (Vaults:3)
  A crystal guardian (Vaults:4)
  3 merfolk javelineers (Shoals:4)
  3 fire dragons
  7 merfolk impalers
  An entropy weaver (shapeshifter) (D:15)
  8 deep elf high priests
  9 yaktaur captains
  3 entropy weavers
  8 rakshasas
  2 spriggan zombies
  3 great orbs of eyes
  Erolcha (D:12)
  4 hydras
  37 vault guards
  7 spriggan air magi
  3 peacekeepers (Vaults:4)
  7 ice dragons
  A spriggan skeleton (Depths:1)
  A juggernaut simulacrum (Depths:2)
  5 ironbound frosthearts
  A boulder beetle (shapeshifter) (Vaults:5)
  An ogre mage (D:15)
  3 merfolk avatars
  2 catoblepae
  2 death knights (Vaults:3)
  10 boulder beetles
  25 centaur warriors
  14 dancing weapons
  4 merfolk aquamancers
  2 alligator snapping turtles (Shoals:4)
  3 radroaches
  9 death yaks
  12 two-headed ogres
  7 deep troll earth magi
  6 deep troll shamans
  10 tengu warriors
  10 vampire magi
  Urug (D:14)
  A sun demon (Depths:2)
  2 orc high priests
  4 spriggan berserkers
  18 deep elf knights
  6 hell knights
  Nergalle (D:12)
  6 skysharks
  A sixfirhy (Zot:4)
  Amaemon (Lair:3)
  A fire crab (Lair:5)
  5 shadow wraiths
  2 death drakes
  4 iron trolls
  2 sun moths
  6 pharaoh ants
  50 deep trolls
  5 skeletal warriors (D:12)
  9 orb spiders
  9 sea snakes
  10 deep elf archers
  An orb spider (shapeshifter) (Elf:1)
  4 glowing orange brains
  4 steelbarb worms
  An obsidian statue (Shoals:4)
  3 shadow demons (Depths:2)
  A swamp dragon (WizLab)
  20 ironbound convokers
  2 orange crystal statues
  8 phantasmal warriors
  17 lindwurms
  23 deep elf zephyrmancers
  A spriggan simulacrum (Depths:1)
  26 harpies
  4 wizards
  17 orc knights
  Pikel (D:8)
  28 deep elf pyromancers
  8 necromancers
  2 tengu zombies (Vaults:4)
  A frost giant zombie (Depths:1)
  2 tengu skeletons (Depths:1)
  4 orc sorcerers
  12 manticores
  A salamander (Depths:1)
  32 ugly things
  4 fauns (Shoals:2)
  22 moths of wrath
  An elephant (Lair:5)
  14 wolf spiders
  17 cyclopes
  2 ice statues (IceCv)
  3 black mambas
  8 merfolk sirens
  A titan simulacrum (Depths:3)
  6 water nymphs
  2 apocalypse crabs
  A smoke demon (Depths:2)
  A black mamba (shapeshifter) (D:14)
  18 vault sentinels
  6 demonic crawlers
  2 torpor snails
  8 cane toads
  2 gargoyles (D:14)
  3 unseen horrors
  An orange demon (Lair:3)
  A centaur skeleton (D:15)
  7 komodo dragons
  2 naga magi (D:15)
  2 freezing wraiths
  A yaktaur (shapeshifter) (Vaults:5)
  4 kobold demonologists
  A hellion (Depths:2)
  2 komodo dragons (shapeshifter)
  4 efreet
  51 yaktaurs
  4 rime drakes
  4 ice devils
  5 tengu conjurers
  A spark wasp simulacrum (Depths:1)
  A queen bee (shapeshifter) (D:14)
  7 trolls
  25 merfolk
  7 polar bears
  14 hornets
  A queen bee (Gauntlet)
  19 tarantellas
  A tengu simulacrum (Depths:1)
  11 wind drakes
  A hellwing (Depths:2)
  13 snapping turtles
  12 dream sheep
  2 iron dragon simulacra (Depths:3)
  8 large abominations (Depths:3)
  A dream sheep (shapeshifter) (Vaults:5)
  7 saltlings (Orc:2)
  46 slime creatures
  A slime creature (shapeshifter) (Depths:3)
  2 air elementals
  15 culicivoras
  A fire giant simulacrum (Depths:2)
  9 blink frogs
  3 flying skulls (Gauntlet)
  4 small abominations (Depths:3)
  24 jumping spiders
  A centaur simulacrum (D:15)
  15 spriggans
  43 yaks
  5 shadows
  4 wyverns
  2 wraiths
  2 fire elementals (Elf:2)
  6 hogs
  5 basilisks
  A fire bat (Volcano)
  A golden eye (shapeshifter) (D:15)
  33 redbacks
  17 water elementals
  16 humans (D:13)
  A redback (shapeshifter) (Depths:3)
  2 chaos spawn (Depths:3)
  14 vampire mosquitoes
  5 wargs
  An acid dragon (D:12)
  16 water moccasins
  2 glowing shapeshifter zombies
  2 ice beasts
  20 orc warriors
  6 black bears
  28 wolves
  12 ogres
  4 lemures (D:8)
  5 boggarts
  4 centaurs
  A centaur (shapeshifter) (Depths:4)
  5 slime creature simulacra (IceCv)
  A kobold brigand (D:8)
  3 elf zombies (Ossuary)
  6 bullfrogs
  A scorpion (D:5)
  A gnoll sergeant (D:9)
  An entropy weaver simulacrum (Lair:4)
  3 glowing shapeshifter simulacra (IceCv)
  2 earth elementals (Elf:3)
  A hornet simulacrum (D:15)
  5 wights (D:9)
  A troll zombie (D:11)
  9 killer bees
  An elephant simulacrum (Lair:4)
  2 electric eels (Spider:3)
  2 howler monkeys
  A centaur zombie (Ossuary)
  2 lava snakes (Volcano)
  3 jellies
  2 hounds
  2 gnoll boudas
  5 human zombies
  12 orc priests
  7 hell rats
  5 iguanas
  4 sleepcaps
  18 orc wizards
  A troll simulacrum (Lair:4)
  8 shapeshifter simulacra (IceCv)
  A wolf simulacrum (Lair:4)
  5 ogre zombies (D:11)
  A hound zombie (Ossuary)
  3 mummies (Ossuary)
  12 gnolls
  4 adders
  A naga simulacrum (Lair:4)
  2 shadow imps
  2 white imps
  2 ufetubi
  An adder zombie (Ossuary)
  3 worms
  5 dart slugs
  59 orcs
  5 ball pythons
  4 bats
  8 endoplasms
  A giant cockroach (shapeshifter) (Vaults:5)
  7 giant cockroaches
  7 goblins
  6 hobgoblins
  4 jackals (D:4)
  13 kobolds
  3 quokkas
  3 training dummies (D:6)
  4 frilled lizards
  A goblin skeleton (D:11)
  6 goblin zombies
  A hobgoblin skeleton (D:11)
  2 hobgoblin zombies
  4 jackal zombies (Ossuary)
  2 kobold zombies (Ossuary)
  2 orc skeletons (D:11)
  15 orc zombies
  4 quokka zombies (Ossuary)
  7 rats
  4 rat zombies (Ossuary)
  A pillar of salt (Orc:2)
  2 tentacles (Shoals:2)
2095 creatures vanquished.

Vanquished Creatures (others)
  A yellow draconian (Zot:3)
  A water elemental (Elf:1)
  2 orc wizards
  6 bushes (D:11)
  30 fungi
  4 pillars of salt (Orc:2)
  145 plants
  7 tentacles (Shoals:2)
196 creatures vanquished.

Grand Total: 2291 creatures vanquished

Notes
Turn   | Place    | Note
-------+----------+-------------------------------------------
     0 | D:1      | MacCMillion the Spriggan Hunter began the quest for the
                  | Orb.
     0 | D:1      | Reached XP level 1. HP: 10/10 MP: 2/2
    75 | D:1      | Reached XP level 2. HP: 14/14 MP: 3/3
   650 | D:2      | Noticed Sigmund
   709 | D:2      | Identified the +8 spear "Voyriujawk" {freeze, Str+5 Dex+5
                  | Stlth-}
   734 | D:2      | Reached XP level 3. HP: 18/18 MP: 4/4
   850 | D:2      | Found The Oracle's Delphic Readings.
   995 | D:2      | Reached skill level 5 in Ranged Weapons
  1028 | D:2      | Reached XP level 4. HP: 14/22 MP: 5/5
  1440 | D:3      | Found a faded altar of an unknown god.
  2075 | D:3      | Reached XP level 5. HP: 25/25 MP: 6/6
  2873 | D:5      | Entered Level 5 of the Dungeon
  2884 | D:5      | Noticed a black bear
  2890 | D:5      | Noticed an ogre
  2893 | D:5      | Killed a black bear
  2894 | D:5      | Reached XP level 6. HP: 20/30 MP: 7/7
  3506 | D:5      | Reached XP level 7. HP: 33/33 MP: 8/8
  4418 | D:6      | Reached skill level 10 in Ranged Weapons
  4418 | D:6      | Reached XP level 8. HP: 35/37 MP: 9/9
  4458 | D:6      | Found Edock's Firing Range.
  4490 | D:6      | Found Hawotrav's General Store.
  4498 | D:6      | Found a staircase to the Ecumenical Temple.
  4508 | Temple   | Entered the Ecumenical Temple
  4928 | Temple   | Became a worshipper of Warmaster Okawaru
  4984 | D:6      | Found Wooc's Antique Armour Boutique.
  6054 | D:7      | Found a hazy altar of Hepliaklqana.
  6064 | D:7      | Found an ornate altar of the Wu Jian Council.
  6251 | D:7      | Reached * piety under Okawaru
  6446 | D:8      | Found a sand-covered staircase.
  6464 | Ossuary  | Entered an ossuary
  6621 | Ossuary  | Reached skill level 5 in Fighting
  6808 | Ossuary  | Reached skill level 3 in Dodging
  6874 | Ossuary  | Reached XP level 9. HP: 47/47 MP: 10/10
  7752 | D:8      | Noticed Maggie
  7880 | D:8      | Noticed Pikel
  8048 | D:8      | Killed Pikel
  8048 | D:8      | Reached ** piety under Okawaru
  8049 | D:8      | Reached skill level 4 in Dodging
  8189 | D:8      | Reached skill level 5 in Dodging
  8360 | D:8      | Noticed a two-headed ogre
  8379 | D:8      | Killed a two-headed ogre
  8379 | D:8      | Reached *** piety under Okawaru
  8380 | D:8      | Reached skill level 6 in Dodging
  8380 | D:8      | Reached XP level 10. HP: 53/53 MP: 11/11
  8585 | D:8      | Identified the +8 short sword of Outrage {heavy, Int+3}
  8607 | D:8      | Identified the +0 leather armour of Minor Irritation
                  | {rPois}
  9295 | D:9      | Reached **** piety under Okawaru
  9394 | D:9      | Noticed a two-headed ogre
  9443 | D:9      | Killed a two-headed ogre
  9444 | D:9      | Reached skill level 7 in Dodging
  9782 | D:9      | Reached ***** piety under Okawaru
 10095 | D:10     | Entered Level 10 of the Dungeon
 10125 | D:10     | Reached skill level 8 in Dodging
 10404 | D:10     | Received a gift from Okawaru
 10651 | D:10     | Noticed a wolf spider
 11346 | D:10     | Reached skill level 1 in Invocations
 12194 | D:10     | Reached XP level 11. HP: 47/58 MP: 12/12
 13258 | D:11     | Noticed a soul eater
 13263 | D:11     | Reached skill level 5 in Invocations
 13380 | D:11     | Found a staircase to the Lair.
 13409 | D:11     | Found a staircase to the Orcish Mines.
 13500 | D:11     | Noticed a two-headed ogre
 13571 | D:11     | Killed a two-headed ogre
 14637 | D:11     | Found a staircase to the Lair.
 14909 | D:12     | Noticed Rupert
 14939 | Lair:1   | Entered Level 1 of the Lair of Beasts
 14949 | Lair:1   | Found a runed translucent door.
 14949 | Lair:1   | Noticed Xafrigaq's ghost (journeyman GnRe)
 15493 | Lair:1   | Reached skill level 9 in Dodging
 16380 | Lair:2   | Found a dark tunnel.
 16389 | Volcano  | Entered a volcano
 16483 | Volcano  | Found a bloodstained altar of Trog.
 16483 | Volcano  | Noticed a lindwurm
 16877 | Lair:2   | Found a hole to the Spider Nest.
 16878 | Lair:2   | Found the +2 hat of the Bear Spirit {Spirit, Bear, *Rage
                  | Will++}
 17056 | Lair:1   | Identified the +3 short sword of Xomaiwuwaw {heavy, rN+
                  | Str-3 Int+3} (Okawaru gifted it to you on level 1 of the
                  | Lair of Beasts)
 17056 | Lair:1   | Received a gift from Okawaru
 17606 | Lair:2   | Found a staircase to the Shoals.
 18254 | Lair:2   | Reached XP level 12. HP: 49/64 MP: 18/18
 18293 | Lair:2   | Reached skill level 10 in Dodging
 19082 | Lair:3   | Noticed Kirke
 19434 | Lair:2   | Noticed a sphinx
 19709 | Lair:3   | Noticed Amaemon
 20435 | Lair:2   | Reached skill level 15 in Ranged Weapons
 20771 | Lair:3   | Noticed a death yak
 21104 | Lair:1   | Killed a death yak
 21908 | Lair:3   | Killed Amaemon
 21909 | Lair:3   | Reached skill level 11 in Dodging
 22332 | Lair:3   | Received a gift from Okawaru
 23661 | Lair:4   | Noticed Snorg
 23868 | Lair:4   | Killed Snorg
 23950 | Lair:4   | Found a frozen archway.
 24075 | IceCv    | Entered an ice cave
 25548 | IceCv    | Reached skill level 12 in Dodging
 25551 | IceCv    | Reached XP level 13. HP: 62/70 MP: 19/19
 25672 | IceCv    | Found a viscous altar of Jiyva.
 25672 | IceCv    | Noticed an azure jelly
 25674 | IceCv    | Noticed a quicksilver ooze
 25700 | IceCv    | Killed an azure jelly
 25838 | IceCv    | Killed a quicksilver ooze
 25958 | IceCv    | Identified the amulet "Anid" {Spirit Rampage rF+ rN+ Int+4}
 25962 | IceCv    | Identified the amulet "Zoefepp" {Reflect rN+ Regen+ Int-4
                  | SH+5 Stlth+}
 25964 | IceCv    | Identified the amulet of Beauty {Spirit rCorr MP+9}
 26410 | Lair:4   | Identified the +1 cloak "Kiywko" {Harm rElec rPois}
                  | (Okawaru gifted it to you on level 4 of the Lair of Beasts)
 26410 | Lair:4   | Received a gift from Okawaru
 26789 | Lair:4   | Found a staircase to the Slime Pits.
 27067 | Lair:5   | Entered Level 5 of the Lair of Beasts
 27251 | Lair:4   | Reached skill level 13 in Dodging
 27579 | Lair:5   | Reached skill level 10 in Fighting
 27882 | Lair:5   | Got Zyshreytz's Octavo of Conflagration and Therianthropy
 28233 | Lair:5   | Received a gift from Okawaru
 28471 | Lair:5   | Reached XP level 14. HP: 56/77 MP: 20/20
 29097 | Lair:5   | Reached skill level 14 in Dodging
 29885 | Orc:1    | Entered Level 1 of the Orcish Mines
 29922 | Orc:1    | Found Desh's Antique Armour Boutique.
 30510 | Orc:2    | Entered Level 2 of the Orcish Mines
 30584 | Orc:2    | Received a gift from Okawaru
 30709 | Orc:2    | Found a gate leading to a gauntlet.
 30718 | Orc:2    | Reached skill level 15 in Dodging
 30725 | Gauntlet | Entered a Gauntlet
 30725 | Gauntlet | Found a transporter.
 30734 | Gauntlet | Found a transporter.
 30734 | Gauntlet | Found a transporter.
 30738 | Gauntlet | Found a runed translucent door.
 30738 | Gauntlet | Found a runed translucent door.
 30742 | Gauntlet | Found a transporter.
 30746 | Gauntlet | Found a transporter.
 30754 | Gauntlet | Found a transporter.
 30758 | Gauntlet | Found a transporter.
 30764 | Gauntlet | Found a runed translucent gate.
 30766 | Gauntlet | Found a transporter.
 30767 | Gauntlet | Found a runed translucent gate.
 30768 | Gauntlet | Found a runed translucent gate.
 30770 | Gauntlet | Found a transporter.
 30779 | Gauntlet | Found a transporter.
 30799 | Gauntlet | Found a transporter.
 30811 | Gauntlet | Found a transporter.
 30824 | Gauntlet | Found a transporter.
 30837 | Gauntlet | Found a transporter.
 30841 | Gauntlet | Found a runed translucent door.
 31391 | Gauntlet | Identified the ring "Docoupix" {Will+ Int+6 SInv}
 31435 | Gauntlet | Found the +3 hat of Pondering {ponderous, Will+ MP+10
                  | Int+5}
 31780 | Orc:2    | Gained mutation: You are clumsy. (Dex -2) [a neqoxec]
 32069 | Orc:2    | Reached skill level 16 in Dodging
 32076 | Orc:2    | Found a staircase to the Elven Halls.
 32383 | Orc:2    | Reached ****** piety under Okawaru
 32393 | Orc:2    | Identified the +0 hat "Omaenuzu" {+Inv} (Okawaru gifted it
                  | to you on level 2 of the Orcish Mines)
 32393 | Orc:2    | Received a gift from Okawaru
 32480 | Orc:2    | Found Moanacw's General Store.
 32481 | Orc:2    | Noticed an orc warlord
 32549 | Orc:2    | Killed an orc warlord
 32637 | Orc:2    | Found Xigirph's Assorted Antiques.
 32639 | Orc:2    | Found Misunt's Magic Scroll Shop.
 32664 | Orc:2    | Found Kangamel's Weapon Shoppe.
 33041 | D:11     | Killed Rupert
 33149 | D:12     | Reached XP level 15. HP: 84/84 MP: 21/21
 33188 | D:12     | Noticed Erolcha
 33196 | D:12     | Killed Erolcha
 33247 | D:12     | Noticed Nergalle
 33262 | D:12     | Killed Nergalle
 33380 | D:12     | Reached skill level 17 in Dodging
 33767 | D:12     | Identified the +9 dagger of Keutia Enwakh {flame, *Rage Fly
                  | Will+ Str+3}
 35196 | D:13     | Received a gift from Okawaru
 35196 | D:13     | Found the +4 skin of Zhor {*Englaciate rC+++ SInv}
 35540 | D:13     | Reached skill level 18 in Dodging
 35709 | D:14     | Noticed Urug
 35709 | D:14     | Found a gate to the Vaults.
 35861 | D:14     | Found an ornate altar of the Wu Jian Council.
 35953 | D:14     | Killed Urug
 36030 | D:14     | Found Fyiluk's Antique Weapon Emporium.
 36048 | D:14     | Bought a glowing arbalest for 285 gold pieces
 36276 | D:14     | Received a gift from Okawaru
 36306 | D:14     | Reached skill level 19 in Dodging
 36581 | D:14     | Found a portal to a secret trove of treasure.
 36888 | D:15     | Entered Level 15 of the Dungeon
 36933 | D:15     | Found Inigov's Assorted Antiques.
 36937 | D:15     | Bought a scroll labelled OMO TUNIUPAYCW for 38 gold pieces
 37078 | D:15     | Found a glowing silver altar of Zin.
 37147 | D:15     | Reached XP level 16. HP: 92/92 MP: 22/22
 37195 | D:15     | Found a staircase to the Depths.
 37767 | Lair:4   | Reached skill level 20 in Dodging
 37767 | Lair:4   | Reached XP level 17. HP: 98/98 MP: 23/23
 37836 | Shoals:1 | Entered Level 1 of the Shoals
 37949 | Shoals:1 | Identified the ring of Muqiall {rElec AC+4}
 37956 | Shoals:1 | Found Ssuble's Superlative Supplies.
 37967 | Shoals:1 | Reached skill level 5 in Stealth
 38045 | Shoals:1 | Learned a level 6 spell: Dispersal
 38229 | Shoals:1 | Received a gift from Okawaru
 38405 | Shoals:1 | Reached skill level 10 in Stealth
 39054 | Shoals:2 | Reached skill level 1 in Translocations
 39223 | Shoals:2 | Noticed Ilsuiw
 39268 | Shoals:2 | Noticed a kraken
 39287 | Shoals:2 | Killed a kraken
 39288 | Shoals:2 | Reached skill level 5 in Translocations
 39295 | Shoals:2 | Learned a level 3 spell: Teleport Other
 39630 | Shoals:2 | Killed Ilsuiw
 40044 | Shoals:3 | Noticed Roxanne
 40050 | Shoals:3 | Killed Roxanne
 40051 | Shoals:3 | Reached skill level 10 in Translocations
 40052 | Shoals:3 | Noticed Polyphemus
 40056 | Shoals:3 | Killed Polyphemus
 40772 | Shoals:3 | Noticed Louise
 40786 | Shoals:3 | Killed Louise
 40786 | Shoals:3 | Identified the +3 robe of Baldness {rElec} (Okawaru gifted
                  | it to you on level 3 of the Shoals)
 40786 | Shoals:3 | Received a gift from Okawaru
 40828 | Shoals:3 | Found a gateway to a bazaar.
 40849 | Bazaar   | Entered a bazaar
 40863 | Bazaar   | Found Ossinaw's Antique Armour Emporium.
 40879 | Bazaar   | Found Cuimik's Armour Emporium.
 40895 | Bazaar   | Found Diririx's Jewellery Emporium.
 40895 | Bazaar   | Found Jayjigug's Antique Armour Shoppe.
 40900 | Bazaar   | Bought a runed cloak for 120 gold pieces
 40917 | Bazaar   | Found Saytok's Antique Armour Emporium.
 40963 | Bazaar   | Bought the ring of Pousk {rC+ Dex+6} for 650 gold pieces
 41051 | Shoals:3 | Reached skill level 1 in Evocations
 41162 | Shoals:3 | Noticed Mlioglotl
 41172 | Shoals:3 | Killed Mlioglotl
 41408 | Shoals:4 | Entered Level 4 of the Shoals
 41414 | Shoals:4 | Reached XP level 18. HP: 102/102 MP: 24/24
 41738 | Shoals:4 | Reached skill level 5 in Evocations
 42477 | Shoals:4 | Got a barnacled rune of Zot
 42644 | Shoals:4 | Identified the +1 long sword of Ubiquitous Punishment
                  | {protect, Will+ Dex+5}
 42877 | Shoals:4 | Reached skill level 15 in Translocations
 42896 | Shoals:4 | Got Guat's Secrets of the Blistering Fairies
 43124 | Shoals:4 | Reached skill level 1 in Spellcasting
 43357 | Lair:2   | Killed Kirke
 43467 | Spider:1 | Entered Level 1 of the Spider Nest
 43781 | Spider:1 | Identified the +0 buckler of Mitt {rF+ rC+ Slay-6} (Okawaru
                  | gifted it to you on level 1 of the Spider Nest)
 43781 | Spider:1 | Received a gift from Okawaru
 44224 | Spider:2 | Found a shimmering altar of Xom.
 44224 | Spider:2 | Noticed Slimysquid's ghost (journeyman DrTm)
 44565 | Spider:2 | Reached skill level 5 in Spellcasting
 44747 | Spider:2 | Found a runed translucent door.
 45372 | Spider:3 | Reached skill level 21 in Dodging
 45864 | Spider:4 | Entered Level 4 of the Spider Nest
 46431 | Spider:4 | Received a gift from Okawaru
 46431 | Spider:4 | Found the +4 robe of Folly {Brill Will-∞ Int+8}
 47328 | Spider:4 | Reached skill level 22 in Dodging
 47450 | Spider:4 | Identified the +4 mace "Vala" {flame, Fragile +Blink rN+
                  | Will+++}
 47673 | Spider:4 | Reached XP level 19. HP: 107/107 MP: 27/27
 47716 | Spider:4 | Got a gossamer rune of Zot
 47968 | Elf:1    | Entered Level 1 of the Elven Halls
 48101 | Elf:1    | Identified the +6 war axe "Atrohah" {flame, Int+2}
 48251 | Elf:1    | Learned a level 7 spell: Enfeeble
 48256 | Elf:1    | Reached skill level 1 in Hexes
 48677 | Elf:1    | Noticed Jorgrun
 48756 | Elf:1    | Killed Jorgrun
 48794 | Elf:1    | Reached skill level 23 in Dodging
 49077 | Elf:1    | Reached skill level 5 in Hexes
 49086 | Elf:1    | Received a gift from Okawaru
 50429 | Elf:2    | Noticed Asterion
 50635 | Elf:2    | Killed Asterion
 50676 | Elf:2    | Received a gift from Okawaru
 50797 | Elf:2    | Found a runed translucent gate.
 50798 | Elf:2    | Found a runed translucent gate.
 50798 | Elf:2    | Found a runed translucent gate.
 50897 | Elf:2    | Found Woismah's Jewellery Shoppe.
 50898 | Elf:2    | Found Piumur's Book Shop.
 50900 | Elf:2    | Found Kewaunup's Jewellery Shoppe.
 51197 | Elf:3    | Entered Level 3 of the Elven Halls
 51871 | Elf:3    | Reached skill level 24 in Dodging
 51915 | Elf:3    | Identified the +3 lajatang "Zademeg" {heavy, +Blink rF-
                  | Will+ Int+4}
 52666 | Elf:3    | Identified the +7 glaive of Urezan {freeze, rPois Str+5}
 52696 | Elf:3    | Identified the +1 cloak of the Barber Surgeon {-Cast rElec
                  | Will+} (Okawaru gifted it to you on level 3 of the Elven
                  | Halls)
 52696 | Elf:3    | Received a gift from Okawaru
 53043 | Elf:3    | Reached skill level 10 in Hexes
 53445 | Elf:3    | Reached XP level 20. HP: 112/112 MP: 28/28
 53678 | Elf:3    | Identified the ring "Haoqus" {MP+9 Str+2 Dex+6}
 53818 | Elf:3    | Identified the +4 scimitar "Gorhil" {protect, rPois Will+}
 53988 | Elf:3    | Reached skill level 25 in Dodging
 54131 | Elf:3    | Got Kutaul's Catalogue of Torrid Fascination
 54167 | Elf:3    | Got the Secrets of the Gardener
 54428 | Vaults:1 | Entered Level 1 of the Vaults
 55161 | Vaults:1 | Identified the +3 robe "Ohicur" {Harm rElec Int+4 Dex-2}
                  | (Okawaru gifted it to you on level 1 of the Vaults)
 55161 | Vaults:1 | Received a gift from Okawaru
 55805 | Vaults:1 | Reached skill level 15 in Fighting
 57167 | Vaults:2 | Reached skill level 15 in Hexes
 57169 | Vaults:2 | Identified the +2 robe of Whack-A-Mole {rF+} (Okawaru
                  | gifted it to you on level 2 of the Vaults)
 57169 | Vaults:2 | Received a gift from Okawaru
 57796 | Vaults:2 | Reached XP level 21. HP: 119/119 MP: 29/29
 59289 | Vaults:3 | Found a staircase to the Crypt.
 59307 | Vaults:3 | Found Boamos's Assorted Antiques.
 59527 | Vaults:3 | Identified the +1 storm dragon scales "Jutoan" {rElec rF+++
                  | Int-4 Dex-4 SInv} (Okawaru gifted it to you on level 3 of
                  | the Vaults)
 59527 | Vaults:3 | Received a gift from Okawaru
 61543 | Vaults:4 | Noticed Mara
 61548 | Vaults:4 | Killed Mara
 61650 | Vaults:4 | Noticed Sojobo
 61655 | Vaults:4 | Paralysed by an air elemental for 1 turns
 62592 | Vaults:4 | Found a transporter.
 62624 | Vaults:4 | Found a transporter.
 63262 | Vaults:4 | Killed Sojobo
 63484 | Depths:1 | Entered Level 1 of the Depths
 63757 | D:15     | Reached XP level 22. HP: 90/128 MP: 30/30
 63857 | D:15     | Received a gift from Okawaru
 64108 | Depths:1 | Found a magical portal.
 64117 | WizLab   | Entered The Chambers of the Cloud Mage
 64593 | Depths:1 | Found an ancient bone altar of Kikubaaqudgha.
 64652 | Depths:1 | Found a gateway to Hell.
 65392 | Depths:2 | Received a gift from Okawaru
 66392 | Depths:2 | Found a runed translucent gate.
 66393 | Depths:2 | Found a runed translucent gate.
 66393 | Depths:2 | Noticed Ysutrusk's ghost (adept DrSu)
 66395 | Depths:2 | Found a runed translucent gate.
 66628 | Depths:2 | Noticed Bai Suzhen
 66639 | Depths:2 | Killed Bai Suzhen
 66810 | Depths:2 | Found a corrupted altar of Lugonu.
 66811 | Depths:2 | Found a one-way gate to the infinite horrors of the Abyss.
 67083 | Depths:2 | Found a shadowy altar of Dithmenos.
 67083 | Depths:2 | Found the ring of Shadows {Umbra +Inv Stlth+}
 67335 | Depths:2 | Found the +2 hood of the Assassin {Detect Stab+ Stlth++}
 68013 | Depths:2 | Found a one-way gate leading to the halls of Pandemonium.
 68211 | Depths:3 | Noticed Saint Roka
 68230 | Depths:2 | Killed Saint Roka
 68453 | Depths:3 | Noticed the Enchantress
 68793 | Depths:3 | Noticed Mennas
 69018 | Depths:3 | Killed the Enchantress
 69021 | Depths:3 | Received a gift from Okawaru
 69633 | Depths:3 | Killed Mennas
 69698 | Depths:3 | Reached XP level 23. HP: 100/133 MP: 35/35
 70122 | Depths:3 | Identified the +7 great sword of Bloody Death {antimagic,
                  | rElec rF+ SInv}
 70774 | Depths:4 | Entered Level 4 of the Depths
 71030 | Depths:4 | Found a one-way gateway to a ziggurat.
 71791 | Depths:3 | Identified the +0 plate armour "Zaexkops" {rElec rF++ MP+9
                  | Int+2}
 72171 | Depths:4 | Noticed Vv
 72249 | Depths:4 | Noticed Grunn
 72258 | Depths:4 | Killed Grunn
 72788 | Depths:4 | Killed Vv
 73028 | Depths:4 | Found a gate to the Realm of Zot.
 73598 | Elf:2    | Bought a book of the Moon for 680 gold pieces
 73603 | Elf:2    | Learned a level 4 spell: Passage of Golubria
 73609 | Elf:2    | Learned a level 5 spell: Silence
 73988 | Vaults:4 | Found a transporter.
 74026 | Vaults:4 | Found a transporter.
 74886 | Vaults:5 | Entered Level 5 of the Vaults
 74890 | Vaults:5 | Found the +8 frozen axe "Frostbite" {freeze, freezing
                  | cloud, *Noise Fly rC+}
 74915 | Vaults:5 | Identified the +0 ice dragon scales "Itorut" {Harm *Corrode
                  | rF- rC++ Will- Regen+} (Okawaru gifted it to you on level 5
                  | of the Vaults)
 74915 | Vaults:5 | Received a gift from Okawaru
 74993 | Vaults:5 | Reached skill level 1 in Air Magic
 74996 | Vaults:5 | Identified the ring "Noacen" {rF++ EV+5}
 75120 | Vaults:5 | Got Kikubaaqudgha's Handbook of Stolen Souls
 75192 | Vaults:5 | Reached skill level 10 in Spellcasting
 75341 | Vaults:5 | Reached skill level 26 in Dodging
 75349 | Vaults:5 | Identified the amulet of Hamir {RegenMP Dex+2}
 75900 | Vaults:5 | Reached XP level 24. HP: 121/140 MP: 39/39
 75980 | Vaults:5 | Received a gift from Okawaru
 76529 | Vaults:5 | Identified the ring "Tatih" {Fly rN+ Str+2}
 77934 | Vaults:5 | Got a silver rune of Zot
 78303 | Zot:1    | Entered Level 1 of the Realm of Zot
 78303 | Zot:1    | Noticed a Killer Klown
 78303 | Zot:1    | Noticed a Killer Klown
 78303 | Zot:1    | Noticed a Killer Klown
 78303 | Zot:1    | Noticed a Killer Klown
 78303 | Zot:1    | Noticed a Killer Klown
 78450 | Depths:4 | Killed a Killer Klown
 78619 | Depths:4 | Killed a Killer Klown
 78803 | Depths:4 | Found a one-way gateway to a ziggurat.
 79275 | Depths:4 | Killed a Killer Klown
 79464 | Depths:4 | Killed a Killer Klown
 79588 | Depths:4 | Killed a Killer Klown
 79695 | Zot:1    | Reached skill level 27 in Dodging
 79967 | Zot:1    | Identified the +3 arbalest of Okawaru, Shimmering {flame,
                  | Dex+4} (Okawaru gifted it to you on level 1 of the Realm of
                  | Zot)
 79967 | Zot:1    | Received a gift from Okawaru
 80188 | Zot:1    | Noticed a juggernaut
 80263 | Zot:1    | Killed a juggernaut
 80394 | Zot:1    | Learned a level 5 spell: Yara's Violent Unravelling
 80407 | Zot:1    | Reached skill level 1 in Transmutations
 80649 | Zot:1    | Learned a level 2 spell: Wereblood
 80848 | Zot:1    | Reached skill level 5 in Transmutations
 81401 | Zot:2    | Noticed an orb of fire
 82486 | Zot:2    | Gained mutation: You are very clumsy. (Dex -4) [an orb of
                  | fire]
 82490 | Zot:2    | Gained mutation: You are vulnerable to heat. (rF-) [an orb
                  | of fire]
 82496 | Zot:2    | Gained mutation: You are weak. (Str -2) [an orb of fire]
 82584 | Zot:1    | Lost mutation: You are very clumsy. (Dex -4) [potion of
                  | mutation]
 82584 | Zot:1    | Lost mutation: You are weak. (Str -2) [potion of mutation]
 82584 | Zot:1    | Gained mutation: Your spells are a little harder to cast,
                  | but a little more powerful. [potion of mutation]
 82584 | Zot:1    | Gained mutation: You are frail. (-10% HP) [potion of
                  | mutation]
 82584 | Zot:1    | Lost mutation: You are clumsy. (Dex -2) [potion of
                  | mutation]
 82585 | Zot:1    | Lost mutation: You are vulnerable to heat. (rF-) [potion of
                  | mutation]
 82585 | Zot:1    | Lost mutation: Your spells are a little harder to cast, but
                  | a little more powerful. [potion of mutation]
 82585 | Zot:1    | Gained mutation: Your flesh is heat resistant. (rF+)
                  | [potion of mutation]
 82641 | Zot:2    | Gained mutation: You occasionally shout uncontrollably at
                  | your foes. [an orb of fire]
 82650 | Zot:2    | Killed an orb of fire
 83908 | Zot:2    | Received a gift from Okawaru
 84516 | Zot:3    | Found a transporter.
 85009 | Zot:3    | Reached XP level 25. HP: 132/132 MP: 40/40
 86215 | Zot:3    | Identified a scroll of acquirement
 86324 | Zot:3    | Acquired 866 gold pieces
 86707 | Zot:3    | Received a gift from Okawaru
 86965 | Zot:3    | Found a transporter.
 88302 | Zot:4    | Found an ornate altar of the Wu Jian Council.
 89124 | Zot:5    | Entered Level 5 of the Realm of Zot
 89963 | Zot:5    | Received a gift from Okawaru
 90153 | Zot:5    | Noticed an ancient lich
 90162 | Zot:5    | Killed an ancient lich
 90263 | Zot:5    | Noticed a Killer Klown
 90284 | Zot:5    | Killed a Killer Klown
 90286 | Zot:5    | Noticed a Killer Klown
 90290 | Zot:5    | Noticed an orb of fire
 90299 | Zot:5    | Killed a Killer Klown
 90303 | Zot:5    | Gained mutation: You have hidden genetic defects. [an orb
                  | of fire]
 90332 | Zot:4    | Lost mutation: You occasionally shout uncontrollably at
                  | your foes. [potion of mutation]
 90332 | Zot:4    | Lost mutation: You are frail. (-10% HP) [potion of
                  | mutation]
 90332 | Zot:4    | Lost mutation: You have hidden genetic defects. [potion of
                  | mutation]
 90332 | Zot:4    | Gained mutation: Your magical capacity is low. (-10% MP)
                  | [potion of mutation]
 90332 | Zot:4    | Gained mutation: You are agile. (Dex +4, Str/Int -1)
                  | [potion of mutation]
 90332 | Zot:4    | Gained mutation: Your spells are a little harder to cast,
                  | but a little more powerful. [potion of mutation]
 90399 | Zot:5    | Gained mutation: You sometimes lose your temper in combat.
                  | [an orb of fire]
 90400 | Zot:5    | Gained mutation: Your body sometimes deteriorates upon
                  | taking damage. [an orb of fire]
 90401 | Zot:5    | Killed an orb of fire
 90402 | Zot:5    | Lost mutation: You sometimes lose your temper in combat.
                  | [potion of mutation]
 90402 | Zot:5    | Lost mutation: You are agile. (Dex +4, Str/Int -1) [potion
                  | of mutation]
 90402 | Zot:5    | Gained mutation: Your muscles are strong. (Str +4, Int/Dex
                  | -1) [potion of mutation]
 90402 | Zot:5    | Gained mutation: Your magical capacity is very low. (-20%
                  | MP) [potion of mutation]
 90402 | Zot:5    | Gained mutation: You expend magic power (3 MP) to
                  | strengthen your wands. [potion of mutation]
 90426 | Zot:5    | Noticed a Killer Klown
 90429 | Zot:5    | Noticed a dread lich
 90444 | Zot:5    | Killed a dread lich
 90469 | Zot:5    | Killed a Killer Klown
 90880 | Zot:5    | Noticed an ancient lich
 91574 | Zot:5    | Received a gift from Okawaru
 91603 | Zot:5    | Noticed a Killer Klown
 91607 | Zot:5    | Killed a Killer Klown
 91790 | Zot:5    | Killed an ancient lich
 91875 | Zot:5    | Noticed a Killer Klown
 91898 | Zot:5    | Killed a Killer Klown
 92054 | Zot:5    | Reached XP level 26. HP: 131/155 MP: 32/32
 92089 | Zot:5    | Noticed an orb of fire
 92111 | Zot:5    | Killed an orb of fire
 92172 | Zot:5    | Noticed an orb of fire
 92330 | Zot:5    | Killed an orb of fire
 92406 | Zot:5    | Noticed an orb of fire
 92449 | Zot:5    | Killed an orb of fire
 92479 | Zot:5    | Got the Orb of Zot
 92859 | D:11     | Noticed Biczuul the pandemonium lord
 92859 | D:11     | Noticed an ancient lich
 93058 | D:$      | Escaped with the Orb!

Illustrated notes

Levels and vault maps discovered:
D:1:      psy_arrival_whirlpool, layout_loops_ring, minmay_misc_feat_diagonals
D:2:      layout_basic, nicolae_nh_oracle_at_delphi, uniq_sigmund
D:3:      layout_basic, nicolae_ecumenical_pavilion
D:4:      layout_cave_pools
D:5:      layout_loops_corners
D:6:      layout_rooms, minmay_temple_entry_glassed_door, serial_shops,
          nicolae_take_the_stairs, shop, nicolae_shop_firing_range
D:7:      layout_rooms, mainiacjoe_overflow_big_doors
D:8:      layout_loops_corners, nicolae_ossuary_entry_ruins, uniq_pikel,
          uniq_maggie
D:9:      layout_long_grid, grunt_ministairs_12
D:10:     layout_cave_pods, minmay_misc_feat_alley, kennysheep_just_a_vault
D:11:     layout_long_grid, lair_entry_dummy, zombieorc1_lemuel,
          minmay_hedge_maze
D:12:     minmay_cornered_nines, layout_loops_ring, uniq_nergalle, uniq_rupert,
          uniq_erolcha
D:13:     layout_roguey, chequers_serial_rivers_micro_b, dk_noncrumbling_2
D:14:     minmay_concentric_multi, layout_irregular_city, david_vaults_3,
          nicolae_trove_entry_free_sample, nzn_wu_jian_council_hall,
          serial_shops, shop
D:15:     grunt_enter_depths_magical_seal, layout_loops_cross,
          minmay_misc_feat_enclosed, serial_shops, nicolae_shop_stone,
          zin_academy
Temple:   mainiacjoe_temple_big_plus
Lair:1:   hellmonk_destroyed_diamonds, layout_chaotic_city,
          hellmonk_ghost_happy_afterlife, patterned_corridor,
          infiniplex_staircase_pool
Lair:2:   layout_small_grid, minmay_shoals_entry_centaurs,
          spider_nest_entry_web_field, nicolae_volcano_entry_lava_flow,
          serial_bayou_shore_a, lemuel_fruit_tree
Lair:3:   layout_misc_corridors, dreamdust_wasp_nest, uniq_amaemon, uniq_kirke
Lair:4:   dreamdust_isle_of_ice, layout_regular_city, dpeg_slime_entry_enclosed,
          portal_ice_cave_entry_pillars_2, infiniplex_staircase_pool_2,
          uniq_snorg
Lair:5:   minmay_lair_end_enchanted_forest, layout_small_grid, st_stairs_11,
          serial_bayou_pond_b
Shoals:1: layout_shoals, nicolae_alphabet_shops
Shoals:2: layout_shoals, nicolae_shoals_kraken_intersection, uniq_ilsuiw
Shoals:3: layout_shoals, serial_shops, statue_bzr, uniq_mlioglotl, uniq_louise,
          uniq_roxanne, uniq_polyphemus
Shoals:4: shoals_end_grunt_ice, layout_shoals, dpeg_stationary_puzzle
Spider:1: layout_spider_delve
Spider:2: nicolae_spider_mines_3, ebering_ghost_xom,
          hangedman_spider_tarantella_strand
Spider:3: layout_spider_delve
Spider:4: grunt_spider_rune_circles
Orc:1:    layout_diamond_mine, serial_shops, shop, mines1_david
Orc:2:    hellmonk_orc_salted, layout_diamond_mine, gauntlet_entry_generic
Elf:1:    eino_elf_arrival_sip, layout_loops_corners, hangedman_elf_disciples,
          uniq_jorgrun
Elf:2:    nicolae_elf_blades_crystal_corner, layout_onion_city,
          minmay_shop_grove, uniq_asterion, uniq_aizul
Elf:3:    minmay_elf_hall_not_hex, layout_geoelf_octagon, evilmike_minifort
Vaults:1: nicolae_vaults_border_crossing, vaults_mumra_lcd,
          nicolae_vaults_windows_and_doors_thing, ontoclasm_vaults_spin,
          hangedman_vaults_restitches, ontoclasm_vaults_decontamination,
          nicolae_vaults_little_squares_5, vaults_room_door_hall, v_misc_28,
          ontoclasm_vaults_twist, layout_vaults_quadrants
Vaults:2: vaults_room_large_hall, vaults_dpeg_cross,
          nicolae_vaults_network_square, grunt_vaults_funnel,
          nicolae_vaults_circle_grid_a, v_alt_pattern_5, vaults_room_boxed,
          hangedman_vaults_snaps, nicolae_vaults_rhombus_5,
          nicolae_vaults_little_squares_6, nicolae_vaults_little_squares_2,
          nicolae_vaults_yaktaur_gun_rack, layout_vaults_omnibox
Vaults:3: nicolae_vaults_disjoint_gnomons, nicolae_vaults_specimen_jars,
          minmay_crypt_entry_simple_plaza, ontoclasm_vaults_misaligned,
          grunt_vaults_bifocal, v_misc_28,
          vaults_standard_mumra_enter_the_diamond, vaults_dpeg_diagonal,
          ontoclasm_vaults_fault, nicolae_vaults_network_quinsquares
          [nicolae_vaults_network_quincunx_subvault,
          nicolae_vaults_network_quincunx_subvault,
          nicolae_vaults_network_quincunx_subvault,
          nicolae_vaults_network_quincunx_subvault], hangedman_vaults_impose,
          vaults_room_door_ring, vaults_dpeg_ring, layout_vaults_maze_snakey,
          serial_shops, shop
Vaults:4: vaults_dpeg_doors, nicolae_vaults_network_periphery,
          gammafunk_its_a_trap, vaults_room_door_hall, v_misc_3,
          nicolae_vaults_little_squares_4, grunt_vaults_hallway_long,
          nicolae_vaults_three_branches, vaults_room_pool, v_misc_16,
          layout_vaults_chaotic_city, serial_glass, uniq_mara, uniq_sojobo
Vaults:5: serial_shops
Depths:1: layout_cave_pools, serial_sigils_hangedman_quiver, mu_enter_wizlab_5,
          hell_entry, minmay_misc_feat_room,
          hangedman_abyss_or_decor_jellyfish_corner, minivault_16,
          chequers_hall_statues_y, kennysheep_vampire_church
Depths:2: regret_index_dithmenos_brocken_genspenst, layout_basic,
          gammafunk_ghost_split, minmay_misc_feat_iff, abyss_entry_flame_altar,
          pf_coc_iceberg, rand_demon_pan_entry_9, lemuel_flame_loot_1,
          uniq_bai_suzhen
Depths:3: minmay_ornate_pinched, layout_cave_shapes,
          hangedman_abyss_or_decor_clamps, pf_vacation_house_of_asmodeus,
          minmay_room_of_horrors, infiniplex_staircase_hallway_doors,
          uniq_enchantress, uniq_saint_roka, uniq_mennas, uniq_margery
Depths:4: grunt_zot_entry_gee_three, layout_gridville, enter_ziggurat_b,
          pf_hell_entry_tar_river, uniq_vv, uniq_grunn
Zot:1:    ebering_greatest_show_in_zot, layout_gridlike
Zot:2:    layout_basic
Zot:3:    gammafunk_sealed_arena, layout_misc_corridors, st_stairs_13
Zot:4:    layout_cathedral_of_symmetry, basic_altar
Zot:5:    layout_basic, grunt_ministairs_3

Skill      XL: |  1  2  3  4  5  6  7  8  9 10 11 12 13 14 15 16 17 18 19 20 21 22 23 24 25 |
---------------+----------------------------------------------------------------------------+-----
Stealth        | 2 3 4 12 | 12.0
Ranged Weapons | 5 6 7 8 10 12 13 14 16 17 18 21 | 21.5
Fighting       | 5 6 7 9 10 12 13 14 16 17 18 19 21 | 21.7
Dodging        | 3 6 8 9 12 13 16 19 20 22 24 25 26 27 | 27.0
Invocations    | 1 7 |  7.7
Translocations | 12 17 19 22 | 22.0
Evocations     | 3 5 |  5.0
Spellcasting   | 5 7 11 12 | 12.0
Hexes          | 10 15 18 22 | 22.0
Air Magic      | 3 |  3.0
Transmutations | 5 |  5.0

Action                     |  1- 3 |  4- 6 |  7- 9 | 10-12 | 13-15 | 16-18 | 19-21 | 22-24 | 25-27 || total
---------------------------+-------+-------+-------+-------+-------+-------+-------+-------+-------++-------
  Melee: Unarmed           |       |       |       |       |       |       |       |     2 |       ||     2
   Fire: Shortbow          |    95 |   138 |   570 |  1951 |       |       |       |       |       ||  2754
         Arbalest          |       |       |       |    42 |  1575 |   736 |  1048 |  1354 |   433 ||  5188
   Cast: Teleport Other    |       |       |       |       |       |     1 |     2 |       |       ||     3
         Dispersal         |       |       |       |       |       |       |     1 |     4 |     1 ||     6
         Enfeeble          |       |       |       |       |       |       |       |    13 |    49 ||    62
         Passage of Golubr |       |       |       |       |       |       |       |     6 |       ||     6
         Silence           |       |       |       |       |       |       |       |       |     4 ||     4
 Invoke: Finesse           |       |       |       |       |     2 |     1 |     6 |     5 |     5 ||    19
  Evoke: Wand              |       |       |       |       |       |       |     3 |     6 |       ||     9
         Phial of floods   |       |       |       |       |       |       |     1 |     1 |       ||     2
         Condenser vane    |       |       |       |       |       |       |     1 |       |       ||     1
    Use: Scroll            |       |       |    11 |    10 |    13 |     8 |     3 |     6 |     5 ||    56
         Potion            |       |       |     1 |     2 |     1 |     1 |     1 |     9 |     5 ||    20
 Armour: Robe              |     3 |     6 |     7 |     1 |       |       |       |       |       ||    17
         Acid dragon scale |       |       |       |    59 |    45 |       |       |       |       ||   104
         Animal skin       |       |       |       |       |    13 |     6 |     7 |    20 |     6 ||    52
  Dodge: Dodged            |    22 |    28 |    74 |   590 |   860 |   231 |   549 |   987 |   237 ||  3578
  Block: Other             |       |       |    29 |   151 |   193 |    26 |    80 |   130 |    33 ||   642
         Reflection        |       |       |     2 |     8 |    12 |     5 |    34 |    10 |     3 ||    74

Table legend: (Time is in decaauts)
 A = Elapsed time spent in this place.
 B = Non-inter-level travel time spent in this place.
 C = Inter-level travel time spent in this place.
 D = Time resting spent in this place.
 E = Time spent auto-exploring this place.
 F = Levels seen in this place.
 G = Mean time per level.
                   A        B        C        D        E       F      G
               +--------+--------+--------+--------+--------+-----+--------+
         Total |  74355 |  70300 |   4055 |  27677 |  22369 |  54 | 1376.9 |
       Dungeon |  15002 |  13889 |   1113 |   3185 |   6607 |  15 | 1000.1 |
        Temple |    279 |    238 |     41 |      0 |    232 |   1 |  279.0 |
          Lair |  10212 |   9632 |    580 |   3448 |   2943 |   5 | 2042.4 |
        Shoals |   4894 |   4692 |    202 |   2254 |    811 |   4 | 1223.5 |
   Spider Nest |   3612 |   3462 |    150 |   1723 |    849 |   4 |  903.0 |
  Orcish Mines |   1807 |   1564 |    243 |    134 |    748 |   2 |  903.5 |
   Elven Halls |   5063 |   4802 |    261 |   1796 |   1904 |   3 | 1687.7 |
        Vaults |  10769 |  10308 |    461 |   4176 |   3278 |   5 | 2153.8 |
        Depths |   8971 |   8553 |    418 |   4347 |   2393 |   4 | 2242.8 |
           Zot |  10615 |  10031 |    584 |   5262 |   2196 |   5 | 2123.0 |
        Bazaar |     88 |     88 |      0 |      0 |     50 |   1 |   88.0 |
       Ossuary |    536 |    536 |      0 |     85 |     92 |   1 |  536.0 |
      Ice Cave |   1702 |   1702 |      0 |    958 |    184 |   1 | 1702.0 |
       Volcano |    106 |    106 |      0 |      0 |      0 |   1 |  106.0 |
        Wizlab |     49 |     49 |      0 |      0 |      0 |   1 |   49.0 |
      Gauntlet |    643 |    643 |      0 |    306 |     75 |   1 |  643.0 |
               +--------+--------+--------+--------+--------+-----+--------+

Top non-repeatable levels by time:
   Zot:2: 3479 daAuts
Depths:2: 3054 daAuts
Vaults:4: 2990 daAuts
Vaults:5: 2777 daAuts
  Lair:2: 2749 daAuts
   Zot:5: 2537 daAuts
  Lair:1: 2470 daAuts
Depths:4: 2413 daAuts
   Elf:3: 2282 daAuts
Depths:3: 2137 daAuts
    D:11: 2094 daAuts
  Lair:3: 1845 daAuts
Vaults:1: 1844 daAuts
   Elf:1: 1774 daAuts
   Zot:1: 1702 daAuts
